 Dungeon Crawl Stone Soup version 0.27-a0-679-g77a6b55cf3 (webtiles) character file.

Game seed: 11859582331270615814

1134 wakim the Shield-Bearer (level 8, -1/49 HPs)
             Began as a Gargoyle Fighter on Mar 18, 2021.
             Slain by an ogre
             ... wielding a +0 giant club
              (14 damage)
             ... on level 4 of the Dungeon.
             The game lasted 00:15:02 (6274 turns).

wakim the Shield-Bearer (Gargoyle Fighter)          Turns: 6274, Time: 00:15:03

Health: -1/49      AC: 19    Str: 22    XL:     8   Next: 36%
Magic:  8/8        EV:  5    Int:  9    God:
Gold:   245        SH: 10    Dex:  9    Spells: 7/7 levels left

rFire    + . .     SeeInvis .   a - +0 flail
rCold    + . .     Faith    .   c - +0 kite shield
rNeg     + . .     Spirit   .   j - +0 plate armour
rPois    ∞         Reflect  .   g - +0 helmet
rElec    +         Harm     .   m - scarf {rC+ rF+}
rCorr    .         Rampage  .   (no gloves)
Will     .....                  (no boots)
Stlth    ..........             (no amulet)
HPRegen  0.16/turn              (no ring)
MPRegen  0.11/turn              (no ring)

@: no status effects
A: AC +5, negative energy resistance 1, electricity resistance, torment
resistance 1, unbreathing 1, petrification resistance
a: no special abilities


You were on level 4 of the Dungeon.
You visited 1 branch of the dungeon, and saw 5 of its levels.

You collected 245 gold pieces.

Inventory:

Hand Weapons
 a - a +0 flail (weapon)
 b - a +0 hunting sling
 l - a +5 short sword of venom
Missiles
 d - 10 boomerangs
 f - 18 poisoned darts
 i - 34 sling bullets
Armour
 c - a +0 kite shield (worn)
 g - a +0 helmet (worn)
 j - a +0 plate armour (worn)
 m - a scarf of resistance (worn)
Jewellery
 k - a +4 ring of evasion
Wands
 e - a wand of charming (9) (quivered)
Potions
 h - a potion of invisibility {unknown}
 G - 2 potions of ambrosia
 J - a potion of curing {@q1}


   Skills:
 + Level 5.3 Fighting
 * Level 5.9 Maces & Flails
 + Level 5.4 Armour
 + Level 6.9 Shields


You had 7 spell levels left.
You didn't know any spells.
Your spell library contained the following spells:

 Spells                   Type           Power      Damage    Failure   Level
 Animate Skeleton         Necr           0%         N/A       100%        1
 Pain                     Necr           0%         1d4       100%        1
 Corpse Rot               Necr/Air       N/A        N/A       100%        2
 Vampiric Draining        Necr           0%         2d6       100%        3
 Animate Dead             Necr           0%         N/A       100%        4
 Dispel Undead            Necr           0%         3d6       100%        4
 Agony                    Necr           0%         N/A       100%        5
 Excruciating Wounds      Necr           0%         N/A       100%        5
 Sublimation of Blood     Necr           Unusable   N/A       N/A         2

Dungeon Overview and Level Annotations

Branches:
Dungeon (5/15)
 Temple: D:4-7

Altars:
Ru
Sif Muna
Wu Jian


Innate Abilities, Weirdness & Mutations

Your stone body is resilient. (AC +5)
You are immune to poison.
You resist negative energy. (rN+)
You are resistant to electric shocks. (rElec)
You are resistant to unholy torment.
You can survive without breathing.
You are immune to petrification.


Message History

The orc warrior hits you with a +0 long sword!
* * * LOW HITPOINT WARNING * * *
Your plate armour prevents you from hitting the jackal.
The jackal is moderately wounded.
You closely miss the jackal.
The jackal is moderately wounded.
The orc warrior hits you with a +0 long sword.
* * * LOW HITPOINT WARNING * * *
You closely miss the jackal.
The jackal is moderately wounded.
The orc warrior hits you with a +0 long sword!
* * * LOW HITPOINT WARNING * * *
You miss the jackal.
The jackal is moderately wounded.
Your plate armour prevents you from hitting the jackal.
The jackal is moderately wounded.
You miss the jackal.
The jackal is moderately wounded.
You sock the jackal!
You kill the jackal! a +0 dagger; a +0 robe The orc warrior throws a boomerang.
The orc warrior throws a boomerang.
The orc warrior throws a boomerang.
The orc warrior throws a boomerang.
An ogre comes into view. It is wielding a +0 giant club.
There is a stone staircase leading up here.
The ogre hits you with a +0 giant club!
* * * LOW HITPOINT WARNING * * *
You climb upwards.
There is a stone staircase leading down here.
Aiming: Charm
Press: ? - help, Shift-Dir - straight line, f - ogre
Aim: an ogre, wielding a +0 giant club (chance to affect: 46%)
The ogre resists with some effort.
Aiming: Charm
Press: ? - help, Shift-Dir - straight line, f/p - ogre
Aim: an ogre, wielding a +0 giant club (chance to affect: 46%)
The ogre resists with some effort.
The ogre hits you with a +0 giant club!
You die...

#.# #.#####.# #.##.#.. #.#
#.......####.##.##. #>#
##......#....##.##.
######.#####.######.#####.##.
#..........#.# #.#####.##.
#.###...#....# #..........
#)........#..# #..###..###
#..##...#...O# #..###)####
#..###.###.#@######..........
#..# #.# #.#.#.......##.#####
#..# #.# #.#>#.########.# ###
#..# #.# #.#.#.# #.#
..###..###.###.#.#.# #.#
..........<........# #.#
............[....### #.#
...###...........# #.## ####
############# #..##


You could see an ogre.

Vanquished Creatures
  Grinder (D:3)
  Sigmund (D:4)
  Duvessa (D:5)
  An ogre (D:4)
  A kobold brigand (D:4)
  Dowan (D:5)
  A scorpion (D:4)
  A howler monkey (D:4)
  2 orc priests
  2 iguanas
  2 orc wizards
  2 worker ants (D:4)
  6 adders
  2 oozes
  An adder zombie (D:4)
  4 worms
  A dart slug (D:3)
  A leopard gecko (D:4)
  12 orcs
  A ball python (D:2)
  5 giant cockroaches
  4 goblins
  10 hobgoblins
  9 jackals
  3 quokkas
  5 bats
  7 frilled lizards
  15 kobolds
  9 rats
111 creatures vanquished.

Notes
Turn   | Place    | Note
-------+----------+-------------------------------------------
     0 | D:1      | wakim the Gargoyle Fighter began the quest for the Orb.
     0 | D:1      | Reached XP level 1. HP: 14/14 MP: 1/1
   415 | D:1      | Reached XP level 2. HP: 16/19 MP: 2/2
  1683 | D:2      | Reached XP level 3. HP: 20/23 MP: 3/3
  1996 | D:1      | HP: 1/23 [orc priest/nerve-wracking pain (3)]
  1999 | D:1      | Reached skill level 4 in Shields
  1999 | D:1      | Reached XP level 4. HP: 2/29 MP: 4/4
  3120 | D:3      | Reached XP level 5. HP: 33/33 MP: 5/5
  4123 | D:4      | Reached XP level 6. HP: 38/38 MP: 6/6
  4188 | D:4      | Reached skill level 5 in Shields
  4890 | D:4      | Noticed Grinder
  5000 | D:4      | Reached XP level 7. HP: 44/44 MP: 7/7
  5013 | D:3      | Paralysed by Grinder for 6 turns
  5027 | D:3      | Killed Grinder
  5028 | D:3      | Reached skill level 6 in Shields
  5163 | D:4      | Noticed Sigmund
  5196 | D:3      | Reached skill level 5 in Maces & Flails
  5258 | D:4      | Killed Sigmund
  5259 | D:4      | Reached skill level 5 in Fighting
  5259 | D:4      | Reached skill level 5 in Armour
  5342 | D:4      | Reached XP level 8. HP: 49/49 MP: 8/8
  5524 | D:4      | Found a shimmering blue altar of Sif Muna.
  5525 | D:4      | Found an ornate altar of the Wu Jian Council.
  5775 | D:5      | Entered Level 5 of the Dungeon
  5816 | D:5      | Found a sacrificial altar of Ru.
  5878 | D:5      | Noticed Dowan
  5881 | D:5      | Noticed Duvessa
  5904 | D:5      | Killed Duvessa
  5906 | D:5      | Killed Dowan
  6274 | D:4      | Slain by an ogre

Illustrated notes

Levels and vault maps discovered:
D:1:      sevenhm_arrival_forest_fort_large_2, layout_basic
D:2:      layout_basic
D:3:      layout_rooms
D:4:      cheibrodos_thug_alley, layout_loops_ring,
          chequers_temple_overflow_statue_of_worship, uniq_sigmund, uniq_grinder
D:5:      layout_rooms, overflow_temple_1_default, uniq_duvessa

Skill      XL: |  1  2  3  4  5  6  7 |
---------------+----------------------+-----
Shields        | 4 5 6 |  6.9
Maces & Flails | 3 4 5 |  5.9
Armour         | 4 5 |  5.4
Fighting       | 4 5 |  5.3

Action                   |  1- 3 |  4- 6 |  7- 9 || total
-------------------------+-------+-------+-------++-------
Melee: Flail             |   109 |   272 |   143 ||   524
 Fire: Hunting sling     |       |    53 |     9 ||    62
Evoke: Wand              |       |     1 |     2 ||     3
  Use: Scroll            |       |     3 |     3 ||     6
       Potion            |       |     1 |     3 ||     4
Armor: Scale mail        |    40 |       |       ||    40
       Plate armour      |    40 |   269 |   109 ||   418
Dodge: Dodged            |    31 |    51 |    22 ||   104
Block: Kite shield       |    87 |   185 |    79 ||   351

Table legend: (Time is in decaauts)
 A = Elapsed time spent in this place.
 B = Non-inter-level travel time spent in this place.
 C = Inter-level travel time spent in this place.
 D = Time resting spent in this place.
 E = Time spent auto-exploring this place.
 F = Levels seen in this place.
 G = Mean time per level.
                   A        B        C        D        E       F      G
               +--------+--------+--------+--------+--------+-----+--------+
         Total |   6532 |   6248 |    284 |    139 |   4488 |   5 | 1306.4 |
       Dungeon |   6532 |   6248 |    284 |    139 |   4488 |   5 | 1306.4 |
               +--------+--------+--------+--------+--------+-----+--------+

Top non-repeatable levels by time:
     D:1: 2156 daAuts
     D:4: 1448 daAuts
     D:3: 1267 daAuts
     D:2: 1182 daAuts
     D:5: 478 daAuts
